 Dungeon Crawl Stone Soup version 0.19-a0-475-gfca3800 (webtiles) character file.

728 namelastname112 the Sneak (level 7, 0/51 HPs)
             Began as a Vampire Enchanter on June 4, 2016.
             Slain by a hound (1 damage)
             ... on level 5 of the Dungeon.
             The game lasted 00:09:29 (4739 turns).

namelastname112 the Sneak (Vampire Enchanter)       Turns: 4739, Time: 00:09:30

Health: 0/51       AC:  5    Str:  8 (10) XL:     7   Next: 44%
Magic:  6/11       EV: 14    Int: 16 (17) God:
Gold:   162        SH:  5    Dex: 21 (22) Spells: 5 memorised, 0 levels left

rFire  + . .     SeeInvis +     p - +1 dagger (speed)
rCold  + + .     Gourm    .     o - +1 leather armour {rF+}
rNeg   + + +     Faith    .     (no shield)
rPois  ∞         Spirit   .     (no helmet)
rElec  .         Dismiss  .     (no cloak)
rCorr  .         Reflect  +     j - +0 pair of gloves
SustAt .         Harm     .     (no boots)
MR     .....                    t - +5 amulet of reflection
Stlth  ++++......               l - +5 ring of dexterity
                                k - +3 ring of strength

@: bloodless, non-regenerating, not resistant to hostile enchantments, stealthy
A: fangs 3, see invisible, unbreathing
a: Bat Form


You were on level 5 of the Dungeon.
You were bloodless.

You visited 1 branch of the dungeon, and saw 5 of its levels.

You collected 162 gold pieces.

Inventory:

Hand Weapons
 p - a +1 dagger of speed (weapon)
Armour
 j - a +0 pair of gloves (worn)
 o - a +1 leather armour of fire resistance (worn)
Jewellery
 k - a +3 ring of strength (left hand)
 l - a +5 ring of dexterity (right hand)
 t - a +5 amulet of reflection (around neck)
Scrolls
 e - a scroll of magic mapping {unknown}
 f - 2 scrolls of amnesia {unknown}
 g - 2 scrolls of teleportation {unknown}
 h - 4 scrolls of enchant weapon {unknown}
 i - 2 scrolls of identify {unknown}
 n - a scroll of recharging {unknown}
 q - a scroll of remove curse {unknown}
 u - a scroll of enchant armour {unknown}
Potions
 b - a potion of berserk rage {unknown}
 d - 9 potions of blood
 r - a potion of haste {unknown}
Books
 c - a book of Maledictions

   Spells                             Type                      Level
   a - Corona                         Hexes                        1
   b - Ensorcelled Hibernation        Hexes/Ice                    2
   c - Confuse                        Hexes                        3
   d - Tukima's Dance                 Hexes                        3
   e - Dazzling Spray                 Conjuration/Hexes            3
 m - a book of Party Tricks

   Spells                             Type                      Level
   a - Summon Butterflies             Summoning                    1
   b - Apportation                    Translocation                1
   c - Tukima's Dance                 Hexes                        3
   d - Alistair's Intoxication        Transmutation/Poison         5
   e - Invisibility                   Hexes                        6


   Skills:
 + Level 2.9 Fighting
 + Level 3.4 Short Blades
 + Level 4.3 Dodging
 + Level 6.8 Stealth
 + Level 3.3 Spellcasting
 + Level 6.8 Hexes


You couldn't memorise any spells.
You knew the following spells:

 Your Spells              Type           Power        Failure   Level  Hunger
a - Tukima's Dance        Hex            ###.....     6%          3    ###....
c - Dazzling Spray        Conj/Hex       ##....       21%         3    ###....
v - Corona                Hex            ###....      1%          1    None
x - Confuse               Hex            ###.....     6%          3    ###....
z - Ensorcelled Hibernat  Hex/Ice        ##....       12%         2    ##.....


Dungeon Overview and Level Annotations

Branches:
Dungeon (5/15)
 Temple: D:4-7

Altars:
Dithmenos
Makhleb
Nemelex Xobeh
Yredelemnul


Innate Abilities, Weirdness & Mutations

You do not heal naturally.
You are immune to poison.
You have razor-sharp teeth.
You have supernaturally acute eyesight. (SInv)
You can survive without breathing.


Message History

You now have 1/11 mp.
You see here 5 gold pieces.
The phantom blinks!
A scorpion comes into view.
Found 8 poisoned needles.
An adder comes into view.
A hound comes into view.
The hound barely misses you.
An orc wizard comes into view. It is wielding a dagger of holy wrath.
The adder misses you. The hound bites you.
* * * LOW HITPOINT WARNING * * *
Found a stone staircase leading down.
You take 3 damage, and have 1/51 hp.
It was a potion of lignification.
You feel woody for a moment. The hound misses you. The adder barely misses you.
It was a potion of degeneration.
There was something very wrong with that liquid.
You feel weakened.
You feel dopey.
You feel clumsy. You block the hound's attack. The adder completely misses you.
The hound bites you.
You die...

#.#.#......#..#
#.#...####.#..#
#.###.# #.#..# #.#
#.# # #.# #.#
#.##+###.####.#
#...........#.# . .
#....Ss....#.# ... .
#...@hJ....#.#.....
.
....#..###.#.......#
# . #.. #.#+##+##.#
##> #.. (. . .. #...
.... .. #.... ##.
... #..... . .o.
#.#+##+ . #.#


You could see a scorpion, a hound, a jelly, an orc wizard (sleeping) and an
adder.

Vanquished Creatures
  A crimson imp (D:5)
  4 orc priests
  3 hounds
  A gnoll shaman (D:3)
  Jessica (D:2)
  8 orc wizards
  Natasha (D:4)
  4 gnolls (D:3)
  4 adders (D:2)
  An ooze (D:2)
  An adder skeleton (D:5)
  A worm (D:2)
  5 dart slugs
  2 giant geckos (D:2)
  12 orcs
  4 giant cockroaches
  4 hobgoblins
  4 jackals (D:1)
  9 kobolds
  4 quokkas
  A ball python (D:2)
  7 bats
  7 giant newts
  14 goblins
  3 rats
106 creatures vanquished.

Notes
Turn   | Place    | Note
--------------------------------------------------------------
     0 | D:1      | namelastname112 the Vampire Enchanter began the quest for the Orb.
     0 | D:1      | Reached XP level 1. HP: 13/13 MP: 3/3
   316 | D:1      | Reached XP level 2. HP: 20/20 MP: 5/5
   329 | D:1      | Learned a level 2 spell: Ensorcelled Hibernation
   414 | D:1      | epen: сука
   439 | D:1      | epen: какой же десятка всё таки калич
   439 | D:1      | epen: вот вроде пытаются
   439 | D:1      | jacquesderrida: CHE
   439 | D:1      | epen: баги исправляют
   439 | D:1      | namelastname112: че
   439 | D:1      | epen: и всё равно хуйня
   453 | D:1      | epen: ну
   453 | D:1      | jacquesderrida: ЧЕ
   454 | D:1      | epen: Win 10
   646 | D:1      | jacquesderrida: ТЫ ЧЕ ТАМ ЖЕ ШПИОНЫ ВСТРОЕНЫ
   690 | D:1      | epen: ну да
   700 | D:1      | Reached skill level 5 in Stealth
   840 | D:1      | jacquesderrida: C O NS P I R A C Y
   851 | D:1      | epen: отправляют как я прон с Ломом смотрю
   863 | D:1      | epen: и как табаю за мибе
   952 | D:2      | Reached skill level 5 in Hexes
   952 | D:2      | Reached XP level 3. HP: 15/25 MP: 3/6
   957 | D:2      | Learned a level 3 spell: Confuse
   957 | D:2      | jacquesderrida: >2038 god
   963 | D:2      | Noticed Jessica
   972 | D:2      | Killed Jessica
   972 | D:2      | Reached skill level 1 in Fighting
  1011 | D:2      | Reached XP level 4. HP: 28/32 MP: 7/7
  1028 | D:2      | jacquesderrida: >ne zanimaetsya nichem protivozakonnym
  1029 | D:2      | epen: >2038 gold
  1053 | D:2      | jacquesderrida: VZLOLNYUL CHET
  1061 | D:2      | epen: >withou gogaz
  1295 | D:2      | epen: Имя
  1298 | D:2      | epen: Смотри
  1397 | D:2      | epen: Дракон сидит
  1588 | D:2      | namelastname112: где
  1888 | D:3      | Reached XP level 5. HP: 32/38 MP: 1/8
  2276 | D:3      | Found a burning altar of Makhleb.
  2337 | D:3      | Reached XP level 6. HP: 44/44 MP: 5/10
  2909 | D:4      | epen: mmm
  2936 | D:3      | epen: два смайта
  2947 | D:3      | epen: и 10 хп
  2983 | D:4      | Noticed Natasha
  2994 | D:3      | epen: ммм
  3016 | D:3      | epen: Наташа
  3083 | D:3      | epen: лол
  3399 | D:4      | epen: везучий
  3402 | D:4      | Killed Natasha
  3503 | D:4      | epen: кстати
  3515 | D:4      | epen: орки на себя хасту кидают
  3517 | D:4      | epen: или свифти?
  3518 | D:4      | Reached XP level 7. HP: 18/51 MP: 1/11
  3524 | D:4      | namelastname112: хасту
  3600 | D:4      | epen: пиздец
  3710 | D:4      | epen: они с таким же успехом могут тебя конфузить
  3792 | D:4      | epen: или кидать паралич
  3818 | D:4      | Found a basalt altar of Yredelemnul.
  3894 | D:4      | epen: ты это
  3930 | D:4      | Found a sparkling altar of Nemelex Xobeh.
  3954 | D:4      | epen: к димке пойдёшь?
  3974 | D:4      | Found a shadowy altar of Dithmenos.
  3978 | D:4      | epen: о
  3991 | D:4      | epen: вот и димка
  4029 | D:5      | Entered Level 5 of the Dungeon
  4097 | D:5      | Learned a level 3 spell: Tukima's Dance
  4097 | D:5      | namelastname112: лол блять
  4097 | D:5      | namelastname112: где я пати трикс подобрать успел
  4101 | D:5      | Learned a level 3 spell: Dazzling Spray
  4551 | D:5      | jacquesderrida: HAI
  4660 | D:5      | epen: 1 AC
  4678 | D:5      | epen: бля
  4681 | D:5      | epen: вот знаешь чё
  4703 | D:5      | epen: ты забываешь что можешь в мышь превращаться
  4712 | D:5      | epen: и убегать от проблем
  4737 | D:5      | jacquesderrida: 1 ASS
  4737 | D:5      | HP: 1/51 [hound (3)]
  4739 | D:5      | Slain by a hound

Vault maps used:
D:1:      lightli_arrival_lavapool
D:2:      st_stairs_3, minmay_bisected, uniq_jessica
D:3:      makhleb_heckhound_becter
D:4:      yredelemnul_altar_generic, nicolae_overflow_hidden_temple,
          nemelex_spade_bored_becter, uniq_natasha
D:5:      kennysheep_mini, first_bread

Skill      XL: |  1  2  3  4  5  6 |
---------------+-------------------+-----
Stealth        | 5 6 |  6.8
Hexes          | 5 6 |  6.8
Fighting       | 1 2 |  2.9
Short Blades   | 2 3 |  3.4
Dodging        | 3 4 |  4.3
Spellcasting   | 3 |  3.3

Action                   |  1- 3 |  4- 6 |  7- 9 || total
-------------------------+-------+-------+-------++-------
Melee: Dagger            |    81 |   175 |    61 ||   317
       Bite              |     4 |    21 |     7 ||    32
 Cast: Ensorcelled Hiber |    11 |    67 |    20 ||    98
       Confuse           |       |     2 |     1 ||     3
  Use: Potion            |       |     1 |     2 ||     3
 Stab: Sleeping          |    15 |    43 |     8 ||    66
       Confused          |       |     1 |       ||     1
       Distracted        |       |       |     1 ||     1
Armor: Robe              |    18 |    17 |       ||    35
       Leather armour    |       |    21 |     7 ||    28
Dodge: Dodged            |    50 |   139 |    28 ||   217
Block: Other             |       |       |    14 ||    14
       Reflection        |       |       |     1 ||     1
